 Dungeon Crawl Stone Soup version 0.19-a0-812-g33f3bc8 (webtiles) character file.

210 JeffiDaFish the Covered (level 5, 0/46 HPs)
             Began as a Minotaur Fighter on June 28, 2016.
             Slain by an orc wizard
             ... wielding a +0 dagger
              (2 damage)
             ... on level 4 of the Dungeon.
             The game lasted 00:19:36 (3223 turns).

JeffiDaFish the Covered (Minotaur Fighter)          Turns: 3223, Time: 00:19:37

Health: 0/46       AC:  7    Str: 22    XL:     5   Next: 57%
Magic:  4/4        EV:  8    Int:  5    God:
Gold:   166        SH: 10    Dex:  9    Spells: 0 memorised, 4 levels left

rFire  . . .     SeeInvis .     a - +0 flail
rCold  . . .     Gourm    .     b - +0 scale mail
rNeg   . . .     Faith    .     c - +0 shield
rPois  .         Spirit   .     (helmet restricted)
rElec  .         Dismiss  .     (no cloak)
rCorr  .         Reflect  .     (no gloves)
SustAt .         Harm     .     (no boots)
MR     .....                    (no amulet)
Stlth  ..........               (no ring)
                                (no ring)

@: not resistant to hostile enchantments, extremely unstealthy
A: retaliatory headbutt, horns 2
a: no special abilities


You were on level 4 of the Dungeon.
You were not hungry.

You visited 1 branch of the dungeon, and saw 4 of its levels.

You collected 166 gold pieces.

Inventory:

Hand Weapons
 a - a +0 flail (weapon)
 e - a +0 mace
 h - a +0 glaive
 k - a +0 hand axe
 D - a +1 rapier of distortion
Missiles
 t - 148 stones (quivered)
 y - 17 arrows
Armour
 b - a +0 scale mail (worn)
 c - a +0 shield (worn)
 l - a cursed +0 scale mail
Jewellery
 i - an uncursed amulet of regeneration {unknown}
 r - an uncursed ring of positive energy {unknown}
 v - a +2 ring of intelligence {unknown}
Scrolls
 g - a scroll of recharging {unknown}
 o - 7 scrolls of identify {unknown}
 p - a scroll of enchant armour {unknown}
 s - a scroll of teleportation {unknown}
 u - a scroll of remove curse {unknown}
 x - a scroll of random uselessness {unknown}
Potions
 d - a potion of might
 j - a potion of lignification {unknown}
 q - a potion of curing {unknown}
 w - 3 potions of cure mutation {unknown}
 z - a potion of magic {unknown}
 A - a potion of heal wounds {unknown}
Comestibles
 f - 3 bread rations
 m - a beef jerky
 n - 2 meat rations
 C - 3 fruits


   Skills:
 + Level 4.3 Fighting
 + Level 3.4 Maces & Flails
 + Level 5.3 Armour
 + Level 1.2 Dodging
 + Level 5.2 Shields


You had 4 spell levels left.
You didn't know any spells.

Dungeon Overview and Level Annotations

Branches:
Dungeon (4/15)
 Temple: D:4-7

Altars:
Gozag
Nemelex Xobeh
Zin


Innate Abilities, Weirdness & Mutations

You reflexively headbutt those who attack you in melee.
You have a pair of horns on your head.


Message History

A puff of flame appears from out of thin air!
The puff of flame hits you!
* * * LOW HITPOINT WARNING * * *
Something hits you but does no damage.
Things that are here:
a mace; a leather armour; an orc corpse You miss something.
Something hits you but does no damage.
You barely miss something. Something hits you but does no damage.
You block something's attack.
You sock something! Something hits you but does no damage.
You miss something.
You hear some strange, mumbled words.
A magic dart appears from out of thin air!
The magic dart hits you!
* * * LOW HITPOINT WARNING * * *
You block something's attack.
You miss something. Your headbutt misses something.
Something hits you but does no damage. Something hits you.
You die...

.. #.....
....#....
........#
#.# #o#
#.#
#.#####
#o.s{.#
#####@#
#.# #.#
#.# #.#
#.# #.#
#.# #.#
#########
.


You could see an orc and a giant cockroach.

Vanquished Creatures
  An orc priest (D:3)
  A giant frog skeleton (D:4)
  6 gnolls
  An adder (D:2)
  2 giant geckos (D:3)
  3 orcs
  4 ball pythons
  5 giant cockroaches
  10 hobgoblins
  4 jackals (D:1)
  A quokka (D:3)
  6 bats
  3 giant newts
  10 goblins
  10 kobolds
  11 rats
78 creatures vanquished.

Notes
Turn   | Place    | Note
--------------------------------------------------------------
     0 | D:1      | JeffiDaFish the Minotaur Fighter began the quest for the Orb.
     0 | D:1      | Reached XP level 1. HP: 19/19 MP: 0/0
   305 | D:1      | Reached XP level 2. HP: 27/27 MP: 1/1
   897 | D:2      | Reached XP level 3. HP: 14/33 MP: 2/2
  1185 | D:2      | Reached skill level 1 in Dodging
  1188 | D:2      | Reached XP level 4. HP: 35/40 MP: 3/3
  1948 | D:3      | Found a sparkling altar of Nemelex Xobeh.
  1948 | D:3      | Found an opulent altar of Gozag.
  2248 | D:3      | Found a glowing silver altar of Zin.
  2300 | D:3      | Reached skill level 5 in Armour
  2300 | D:3      | Reached XP level 5. HP: 14/46 MP: 4/4
  2315 | D:3      | Reached skill level 5 in Shields
  3214 | D:4      | HP: 1/46 [something/magic dart (5)]
  3223 | D:4      | Slain by an orc wizard

Vault maps used:
D:1:      dpeg_arrival_subterranean_lakeside_camping
D:2:      minmay_pentomino_u2
D:3:      grunt_temple_overflow_opulence, zin_scriptorium

Skill      XL: |  1  2  3  4  5 |
---------------+----------------+-----
Fighting       | 4 |  4.3
Armour         | 4 5 |  5.3
Shields        | 4 5 |  5.2
Dodging        | 1 |  1.2
Maces & Flails | 3 |  3.4

Action                   |  1- 3 |  4- 6 || total
-------------------------+-------+-------++-------
Melee: Flail             |    98 |   148 ||   246
       Headbutt          |    11 |    19 ||    30
Throw: Stone             |       |     1 ||     1
  Eat: Chunk             |     1 |     7 ||     8
Armor: Scale mail        |    52 |    67 ||   119
Dodge: Dodged            |    39 |    36 ||    75
Block: Shield            |    75 |    95 ||   170
